 Dungeon Crawl Stone Soup version 0.32-a0-571-gec57dfcd37 (webtiles) character file.

Game seed: 2353593039462806331

9825 cforsyth the Merchant of Misery (level 11, -3/81 HPs)
             Began as a Mountain Dwarf Necromancer on Mar 1, 2024.
             Was a Believer of Kikubaaqudgha.
             Slain by Erolcha
             ... wielding a +8 giant spiked club
              (19 damage)
             ... on level 10 of the Dungeon.
             The game lasted 00:27:22 (12561 turns).

cforsyth the Merchant of Misery (MDNe)             Turns: 12561, Time: 00:27:22

Health: -3/81      AC: 24    Str: 16    XL:     11   Next: 28%
Magic:  24/24      EV:  2    Int: 18    God:    Kikubaaqudgha [**....]
Gold:   684        SH:  0    Dex: 10    Spells: 23/28 levels left

rFire   + . .        q - +12 dagger of the Vanishing Wonders {flame, *Noise rElec rC+ Str+3}
rCold   + + .        (no shield)
rNeg    . . .        C - +0 gold dragon scales
rPois   +            G - +0 helmet
rElec   +            a - +2 cloak
rCorr   .            (no gloves)
SInv    +            c - +1 pair of boots
Will    ++...        (no amulet) Stlth
                     W - ring of willpower
HPRegen 0.33/turn    v - ring of see invisible
MPRegen 0.19/turn

%: no passive effects
@: no status effects
A: runic magic, artefact enchanting
a: Renounce Religion, Unearth Wretches


You were on level 10 of the Dungeon.
You worshipped Kikubaaqudgha.
Kikubaaqudgha was pleased with you.
You visited 2 branches of the dungeon, and saw 11 of its levels.
You also visited: Sewer.

You collected 754 gold pieces.
You spent 70 gold pieces at shops.


Innate Abilities, Weirdness & Mutations

Your spellcasting is much less encumbered by armour.
You can use scrolls of enchantment on lesser artefacts.


   Skills:
 - Level 2.6 Fighting
 - Level 10.0 Armour
 - Level 1.3 Dodging
 - Level 1.4 Stealth
 + Level 9.1 Spellcasting
 + Level 12.6 Necromancy


You had 23 spell levels left.
You knew the following spells:

 Your Spells              Type           Power      Damage    Failure   Level
a - Animate Dead          Necr           52%        N/A       1%          4
X - Necrotise             Necr           100%       1d9       1%          1

Your spell library contained the following spells:

 Spells                   Type           Power      Damage    Failure   Level
 Sublimation of Blood     Necr           52%        N/A       1%          2
 Fugue of the Fallen      Necr           52%        N/A       1%          3
 Vampiric Draining        Necr           52%        2d9       1%          3
 Kiss of Death            Conj/Necr      100%       2d13      2%          1
 Curse of Agony           Necr           52%        N/A       5%          5
 Cigotuvi's Dreadful Rot  Necr/Alch/Air  46%        N/A       10%         2
 Apportation              Tloc           16%        N/A       34%         1
 Sting                    Conj/Alch      32%        1d5       34%         1
 Jinxbite                 Hex            16%        N/A       47%         2
 Mercury Vapours          Alch/Air       16%        N/A       47%         2
 Cause Fear               Hex            4%         N/A       98%         4
 Manifold Assault         Tloc           8%         N/A       98%         4
 Olgreb's Toxic Radiance  Alch           8%         N/A       98%         4
 Vhi's Electric Charge    Tloc/Air       16%        N/A       98%         4
 Alistair's Intoxication  Alch           5%         N/A       100%        5
 Arcjolt                  Conj/Air       4%         1d14      100%        5
 Fireball                 Conj/Fire      4%         3d4       100%        5
 Dispersal                Tloc           4%         N/A       100%        6
 Disjunction              Tloc           4%         N/A       100%        8
 Maxwell's Capacitive Co  Air            4%         ∞         100%        8
 Dragon's Call            Summ           4%         N/A       100%        9

Inventory:

Hand Weapons
 q - the +12 dagger of the Vanishing Wonders (weapon) {flame, *Noise rElec rC+ Str+3}
   (You found it on level 3 of the Dungeon)

   Str+3:     It affects your strength (+3).
   rC+:       It protects you from cold.
   rElec:     It insulates you from electricity.
   *Noise:    It may make a loud noise when swung.
 I - the +3 dagger "Rep Nehu" {freeze, rElec rF+ Str+2 Dex-3}
   (You took it off an orc on level 8 of the Dungeon)

   Str+2:     It affects your strength (+2).
   Dex-3:     It affects your dexterity (-3).
   rF+:       It protects you from fire.
   rElec:     It insulates you from electricity.
Missiles
 J - 2 throwing nets {=f}
Armour
 a - a +2 cloak (worn)
 c - a +1 pair of boots (worn)
 x - a +1 hat
 C - +0 gold dragon scales (worn)
 G - a +0 helmet (worn)
Magical Staves
 p - a staff of death {!a}
Jewellery
 v - a ring of see invisible (right hand)
 w - a ring of willpower
 B - an amulet of guardian spirit
 D - a +6 ring of dexterity
 E - a +5 ring of evasion
 W - a ring of willpower (left hand)
Wands
 j - a wand of mindburst (9)
 o - a wand of roots (10)
 z - a wand of paralysis (18)
 F - a wand of polymorph (10)
 H - a wand of flame (15)
Scrolls
 k - a scroll of enchant weapon
 l - 3 scrolls of blinking
 n - 4 scrolls of fear
 u - 2 scrolls of immolation
 y - 4 scrolls of teleportation {@r2}
 A - 7 scrolls of enchant armour
 K - a scroll of torment
Potions
 b - 2 potions of magic
 d - a potion of resistance
 e - 3 potions of haste {@q3}
 f - a potion of invisibility
 g - a potion of brilliance
 h - 2 potions of cancellation {unknown}
 i - 2 potions of enlightenment
 m - 7 potions of curing {@q1}
 r - a potion of mutation
 s - 4 potions of lignification
 t - a potion of attraction

Dungeon Overview and Level Annotations

Branches:
Dungeon (10/15)            Temple (1/1) D:6            Lair (0/5) D:8
    Orc (0/2) D:9           Sewer (visited)

Altars:
Ashenzari
Cheibriados
Dithmenos
Elyvilon
Fedhas
Gozag
Hepliaklqana
Kikubaaqudgha
Makhleb
Nemelex Xobeh
Okawaru
Qazlal
Ru
Sif Muna
Trog
Uskayaw
Vehumet
Wu Jian
Xom
Yredelemnul
Zin
The Shining One

Shops:
D:4 !   D:5 [

Annotations:
D:5 1 runed translucent door, Crazy Yiuf
D:7 2 transporters, zenocrate's ghost, novice OpSh
D:10 Erolcha #.........# #.........# #.........# #.........# #.........# ####Z###### #Z### #ZZZ#

#######@##
#.....O..#
#....x...#
#........#
#........#
#........#
.........#
#........#
#######.##


You could see Erolcha (invisible), an unseen horror (invisible), a friendly
adder zombie, a friendly slime creature zombie, a friendly sky beast zombie and
2 friendly orc wizard zombies.


Message History

You barely miss Erolcha.
Erolcha is heavily wounded.
The unseen horror hits your orc knight zombie!
Your orc knight zombie is destroyed!
Erolcha hits you with a +8 giant spiked club!
* * * LOW HITPOINT WARNING * * *
Unknown command.
You puncture Erolcha! You burn Erolcha.
Erolcha is almost dead.
Unknown command.
You barely miss Erolcha.
Erolcha is almost dead.
The unseen horror hits you.
* * * LOW HITPOINT WARNING * * *
Erolcha hits you with a +8 giant spiked club!!
* * * LOW HITPOINT WARNING * * *
Unknown command.
You hit Erolcha but do no damage.
Erolcha is almost dead.
The unseen horror hits you but does no damage. x2
Erolcha casts a spell at you. You resist with almost no effort.
Unknown command.
Unknown command.
Unknown command.
Unknown command.
You feel better. The unseen horror barely misses you.
Erolcha hits you with a +8 giant spiked club!!
You die...
Kikubaaqudgha rasps: You have failed me!
Welcome... death!

Skill      XL: |  1  2  3  4  5  6  7  8  9 10 11 |
---------------+----------------------------------+-----
Fighting       | 1 2 |  2.6
Necromancy     | 5 6 7 8 10 12 | 12.6
Spellcasting   | 2 3 4 5 7 8 9 |  9.1
Armour         | 1 2 3 5 6 8 10 | 10.0
Dodging        | |  1.3
Stealth        | |  1.4

Action                     |  1- 3 |  4- 6 |  7- 9 | 10-12 || total
---------------------------+-------+-------+-------+-------++-------
  Melee: Unarmed           |     3 |       |       |       ||     3
         Hand axe          |    18 |       |       |       ||    18
         Dagger            |       |    74 |   196 |   312 ||   582
   Cast: Necrotise         |    80 |    92 |    43 |    14 ||   229
         Animate Dead      |       |       |     3 |     7 ||    10
 Invoke: Unearth Wretches  |       |       |       |     3 ||     3
  Evoke: Wand              |       |       |     6 |     9 ||    15
    Use: Scroll            |       |     9 |     9 |     5 ||    23
         Potion            |       |       |       |     3 ||     3
   Stab: Paralysed         |       |       |    10 |     5 ||    15
 Armour: Robe              |    15 |       |       |       ||    15
         Plate armour      |    23 |   125 |   192 |       ||   340
         Gold dragon scale |       |       |    29 |   314 ||   343
  Dodge: Dodged            |    12 |    41 |    54 |    91 ||   198

Levels and vault maps discovered:
D:1:      minmay_arrival_jagged, layout_rooms, chequers_serial_rivers_micro_e
D:2:      layout_basic, grunt_ministairs_12, kennysheep_generic_room_9
D:3:      layout_basic, eino_curves_04
D:4:      layout_cave_pools, serial_shops, nicolae_shop_peninsula,
          lightli_sewer_entry_pipes, hangedman_abyss_or_decor_slice,
          minmay_pentomino_pile
D:5:      layout_cave_pools, serial_shops, shop, minivault_26,
          uniq_crazy_yiuf_cottage, uniq_grinder
D:6:      layout_basic, minmay_temple_entry_statues_pillars, st_stairs_7,
          uniq_prince_ribbit1, uniq_jeremiah
D:7:      layout_basic, amcnicky_altar_gilded, gammafunk_ghost_hive,
          uniq_maurice, uniq_maggie, uniq_duvessa
D:8:      layout_layer_cave, david_lair_shrubbed, minmay_fractal_squares_5
D:9:      layout_loops_ring, zombieorc1_lemuel, minmay_misc_feat_secret_circle,
          st_stairs_13, uniq_joseph
D:10:     layout_roguey, uniq_erica, uniq_gastronok, uniq_sonja, uniq_erolcha
Temple:   mainiacjoe_temple_hex_bubbles

Notes
Turn   | Place    | Note
-------+----------+-------------------------------------------
     0 | D:1      | cforsyth the Mountain Dwarf Necromancer began the quest for
                  | the Orb.
     0 | D:1      | Reached XP level 1. HP: 14/14 MP: 3/3
   138 | D:1      | Reached skill level 1 in Fighting
   155 | D:1      | Reached XP level 2. HP: 23/23 MP: 0/4
   883 | D:2      | Reached skill level 2 in Fighting
   883 | D:2      | Reached skill level 5 in Necromancy
   883 | D:2      | Reached XP level 3. HP: 29/29 MP: 3/5
  2268 | D:3      | Identified the +12 dagger of the Vanishing Wonders {flame,
                  | *Noise rElec rC+ Str+3}
  2436 | D:3      | Reached XP level 4. HP: 37/37 MP: 4/6
  2740 | D:4      | Reached skill level 2 in Spellcasting
  2759 | D:4      | Reached skill level 1 in Armour
  2915 | D:4      | Reached XP level 5. HP: 30/42 MP: 8/8
  2923 | D:4      | Found a glowing drain.
  2971 | Sewer    | Entered a sewer
  3309 | Sewer    | Reached skill level 2 in Armour
  3756 | Sewer    | Reached skill level 6 in Necromancy
  4456 | Sewer    | Reached XP level 6. HP: 40/50 MP: 10/10
  4522 | D:4      | Reached skill level 3 in Spellcasting
  4660 | D:4      | Reached skill level 3 in Armour
  4791 | D:4      | Found Gannuiz's Distillery.
  4797 | D:4      | Reached XP level 7. HP: 54/56 MP: 10/12
  4815 | D:4      | Bought a potion of degeneration for 10 gold pieces
  4815 | D:4      | Bought a potion of lignification for 30 gold pieces
  4815 | D:4      | Bought a potion of curing for 30 gold pieces
  5041 | D:4      | Reached skill level 4 in Armour
  5041 | D:4      | Reached skill level 7 in Necromancy
  5303 | D:5      | Entered Level 5 of the Dungeon
  5372 | D:5      | Reached skill level 4 in Spellcasting
  5759 | D:5      | Found Gaok's Armour Shoppe.
  5775 | D:5      | Reached skill level 5 in Armour
  5775 | D:5      | Reached XP level 8. HP: 62/62 MP: 14/14
  5900 | D:5      | Noticed Grinder
  5903 | D:5      | Paralysed by Grinder for 5 turns
  5925 | D:4      | Killed Grinder
  5926 | D:4      | Reached skill level 8 in Necromancy
  6323 | D:5      | Found a runed translucent door.
  6324 | D:5      | Noticed Crazy Yiuf
  6456 | D:6      | Reached skill level 6 in Armour
  6492 | D:6      | Noticed Jeremiah
  6541 | D:6      | Reached skill level 5 in Spellcasting
  6546 | D:6      | Noticed Prince Ribbit
  6788 | D:5      | Learned a level 4 spell: Animate Dead
  6824 | D:6      | Killed Prince Ribbit
  7024 | D:6      | Reached XP level 9. HP: 67/68 MP: 17/17
  7229 | D:6      | Killed Jeremiah
  7230 | D:6      | Reached skill level 7 in Armour
  7230 | D:6      | Reached skill level 9 in Necromancy
  7407 | D:6      | Found a staircase to the Ecumenical Temple.
  7626 | Temple   | Entered the Ecumenical Temple
  7648 | Temple   | Became a worshipper of Kikubaaqudgha
  7720 | D:7      | Found a sacrificial altar of Ru.
  7741 | D:7      | Noticed Maggie
  7757 | D:7      | Reached skill level 6 in Spellcasting
  8088 | D:7      | Reached skill level 8 in Armour
  8268 | D:7      | Noticed a two-headed ogre
  8284 | D:7      | Killed a two-headed ogre
  8285 | D:7      | Reached skill level 10 in Necromancy
  8428 | D:7      | Found a transporter.
  8432 | D:7      | Found a transporter.
  8450 | D:7      | Noticed Dowan
  8451 | D:7      | Noticed Duvessa
  8453 | D:7      | Noticed zenocrate's ghost (novice OpSh)
  8491 | D:7      | Killed Duvessa
  8495 | D:7      | Killed Dowan
  8706 | D:7      | Killed Maggie
  8707 | D:7      | Reached skill level 7 in Spellcasting
  8707 | D:7      | Reached XP level 10. HP: 37/74 MP: 20/20
  9140 | D:7      | Noticed Maurice
  9150 | D:7      | Maurice stole a +6 ring of dexterity
  9152 | D:7      | Killed Maurice
  9153 | D:7      | Reached skill level 9 in Armour
 10165 | D:8      | Reached * piety under Kikubaaqudgha
 10165 | D:8      | Received a gift from Kikubaaqudgha
 10283 | D:8      | Identified the +3 dagger "Rep Nehu" {freeze, rElec rF+
                  | Str+2 Dex-3}
 10285 | D:8      | Found a staircase to the Lair.
 10314 | D:9      | Noticed a sun demon
 10315 | D:9      | Noticed a rust devil
 10317 | D:9      | Reached skill level 11 in Necromancy
 10637 | D:9      | Found a staircase to the Orcish Mines.
 10662 | D:9      | Reached ** piety under Kikubaaqudgha
 10675 | D:9      | Reached skill level 10 in Armour
 10696 | D:9      | Reached skill level 8 in Spellcasting
 11462 | D:9      | Noticed a gargoyle
 11478 | D:9      | Killed a gargoyle
 11479 | D:9      | Reached skill level 12 in Necromancy
 11479 | D:9      | Reached XP level 11. HP: 29/81 MP: 23/23
 11691 | D:9      | Identified a potion of resistance
 11769 | D:9      | Noticed Joseph
 11782 | D:9      | Killed Joseph
 12059 | D:8      | Noticed a two-headed ogre
 12076 | D:8      | Killed a two-headed ogre
 12136 | D:8      | Reached skill level 9 in Spellcasting
 12390 | D:10     | Entered Level 10 of the Dungeon
 12537 | D:10     | Noticed Erolcha
 12561 | D:10     | Slain by Erolcha

Vanquished Creatures
  A two-headed ogre (D:8)
  An orc knight (D:10)
  Maurice (D:7)
  Joseph (D:9)
  Maggie (D:7)
  Jeremiah (D:6)
  2 kobold demonologists (D:9)
  A komodo dragon (D:8)
  A hornet (D:7)
  A troll (D:9)
  Grinder (D:4)
  Prince Ribbit (D:6)
  A shadow (D:9)
  6 yaks
  A wraith (D:10)
  2 wyverns
  3 water moccasins
  Duvessa (D:7)
  2 sky beasts (D:6)
  An ogre (D:4)
  3 orc warriors
  4 centaurs
  6 phantoms
  4 bullfrogs
  A kobold brigand (D:9)
  A gnoll sergeant (D:9)
  3 scorpions
  4 wights
  2 killer bees (D:7)
  Dowan (D:7)
  A troll zombie (D:9)
  2 howler monkeys
  2 bombardier beetles
  2 hounds
  3 jellies (D:5)
  2 orc priests
  4 iguanas
  6 orc wizards
  A sleepcap (D:7)
  5 ogre zombies (D:9)
  13 gnolls
  17 adders
  2 river rats (D:4)
  A shadow imp (D:8)
  A white imp (D:6)
  2 ufetubi (D:5)
  8 dart slugs
  5 ribbon worms
  17 orcs
  25 ball pythons
  12 endoplasms
  4 giant cockroaches
  10 goblins
  9 hobgoblins
  3 jackals (D:4)
  3 quokkas
  5 bats
  11 frilled lizards
  2 gnoll zombies (D:9)
  13 kobolds
  5 orc skeletons (D:9)
  12 orc zombies (D:9)
  5 rats
272 creatures vanquished.

Vanquished Creatures (collateral kills)
  A two-headed ogre (D:7)
  A gargoyle (D:9)
  An ice beast (D:8)
  A gnoll sergeant (D:7)
  A killer bee (D:7)
  A hound (D:5)
  A dart slug (Sewer)
  2 orcs (D:8)
  3 endoplasms
  4 giant cockroaches (Sewer)
  A goblin (D:4)
  A kobold (D:9)
  A ball python (Sewer)
  A frilled lizard (D:1)
20 creatures vanquished.

Vanquished Creatures (others)
  A meliai (D:10)
  A slime creature (D:10)
  A sky beast (D:10)
  A hornet zombie (D:7)
  A komodo dragon zombie (D:8)
  2 wyvern zombies
  2 yak zombies (D:9)
  A bullfrog zombie (D:8)
  A centaur zombie (D:9)
  2 orc wizards (D:10)
  2 killer bee zombies (D:7)
  An iguana zombie (D:10)
  An endoplasm (D:10)
  An endoplasm zombie (D:10)
  2 kobold zombies (D:9)
  5 orc zombies
25 creatures vanquished.

Grand Total: 317 creatures vanquished

Table legend: (Time is in decaauts)
 A = Elapsed time spent in this place.
 B = Non-inter-level travel time spent in this place.
 C = Inter-level travel time spent in this place.
 D = Time resting spent in this place.
 E = Time spent auto-exploring this place.
 F = Levels seen in this place.
 G = Mean time per level.
                   A        B        C        D        E       F      G
               +--------+--------+--------+--------+--------+-----+--------+
         Total |  12688 |  12427 |    261 |   2333 |   7600 |  12 | 1057.3 |
       Dungeon |  11031 |  10811 |    220 |   1589 |   7040 |  10 | 1103.1 |
        Temple |     41 |      1 |     40 |      0 |      0 |   1 |   41.0 |
         Sewer |   1615 |   1615 |      0 |    744 |    560 |   1 | 1615.0 |
               +--------+--------+--------+--------+--------+-----+--------+

Top non-repeatable levels by time:
   Sewer: 1615 daAuts
     D:9: 1536 daAuts
     D:7: 1507 daAuts
     D:8: 1417 daAuts
     D:4: 1304 daAuts
     D:6: 1203 daAuts
     D:5: 1101 daAuts
     D:2: 1036 daAuts
     D:3: 893 daAuts
     D:1: 853 daAuts
    D:10: 177 daAuts
  Temple: 41 daAuts

Table legend:
 A = Non-vault XP
 B = Vault XP
 C = Vault XP percentage of total XP
 D = Non-vault monster count
 E = Vault monster count
 F = Vault count percentage of total count
                 A         B        C        D         E       F
            +---------+---------+-------+---------+---------+-------
      Total |    8411 |    5626 |  40.1 |     181 |     106 |  36.9
            +---------+---------+-------+---------+---------+-------
        D:1 |      38 |       0 |   0.0 |      24 |       0 |   0.0
        D:2 |      41 |       2 |   4.7 |      16 |       2 |  11.1
        D:3 |     169 |       0 |   0.0 |      15 |       0 |   0.0
        D:4 |     455 |     461 |  50.3 |      28 |      11 |  28.2
        D:5 |     640 |       0 |   0.0 |      23 |       0 |   0.0
        D:6 |     800 |     666 |  45.4 |      13 |       3 |  18.8
        D:7 |    1920 |    1123 |  36.9 |      21 |       4 |  16.0
        D:8 |     645 |    1786 |  73.5 |      15 |       7 |  31.8
        D:9 |    3288 |    1345 |  29.0 |      24 |      31 |  56.4
       D:10 |     415 |       0 |   0.0 |       2 |       0 |   0.0
      Sewer |       0 |     243 | 100.0 |       0 |      48 | 100.0
            +---------+---------+-------+---------+---------+-------
